 Dungeon Crawl Stone Soup version 0.31-a0-164-g2312942fda (webtiles) character file.

Game seed: 11403555159417385141

1234 qw the Skirmisher (level 8, 0/73 (74) HPs)
             Began as a Naga Hunter on June 13, 2023.
             Slain by a wight
             ... wielding a +0 mace
              (3 damage)
             ... on level 5 of the Dungeon.
             The game lasted 00:01:24 (2563 turns).

qw the Skirmisher (Naga Hunter)                     Turns: 2563, Time: 00:01:25

HP:   0/73 (74)     AC: 15    Str: 21    XL:     8   Next: 48%
MP:   8/8           EV:  8    Int:  9    God:
Gold: 148           SH:  0    Dex: 16    Spells: 7/7 levels left

rFire   . . .        Y - +0 shortbow
rCold   + . .        (shield currently unavailable)
rNeg    . . .        c - +0 leather armour
rPois   +            j - +2 helmet
rElec   .            e - +2 cloak
rCorr   .            (no gloves)
SInv    +            f - +0 barding
Will    +....        (no amulet)
Stlth   ++           i - +6 ring of strength
HPRegen 0.32/turn    k - ring of protection from cold
MPRegen 0.11/turn

%: no passive effects
@: lightly drained, very slow
A: AC +2, large, see invisible, deformed body, poison resistance, slowness 2,
spit poison 1, naga tail 1
a: Spit Poison


You were on level 5 of the Dungeon.
You visited 2 branches of the dungeon, and saw 6 of its levels.

You collected 148 gold pieces.


Innate Abilities, Weirdness & Mutations

Your serpentine skin is tough. (AC +2)
You have supernaturally acute eyesight. (SInv)
Armour fits poorly on your strangely shaped body.
Your system is resistant to poisons. (rPois)
You cover ground very slowly.
You can spit poison.
You have a snake-like lower body.


   Skills:
 - Level 5.0 Fighting
 + Level 8.0 Ranged Weapons
 - Level 2.6 Armour
 - Level 2.3 Dodging
 - Level 1.5 Stealth


You had 7 spell levels left.
You didn't know any spells.
Your spell library was empty.

Inventory:

Hand Weapons
 Y - a +0 shortbow (weapon)
Armour
 c - a +0 leather armour (worn)
 e - a +2 cloak (worn)
 f - a +0 barding (worn)
 j - a +2 helmet (worn)
Jewellery
 b - the ring "Viyjawumn" {Fire rN+ Str+5 Dex-2 Slay-6}
   (You found it on level 5 of the Dungeon)

   [ring of fire]

   It enhances your fire magic.
   Str:       It affects your strength (+5).
   Dex:       It affects your dexterity (-2).
   Slay:      It affects your accuracy & damage with ranged weapons and melee
   (-6).
   rF:        It protects you from fire.
   rC:        It makes you vulnerable to cold.
   rN:        It protects you from negative energy.
 i - a +6 ring of strength (left hand)
 k - a ring of protection from cold (right hand)
Scrolls
 a - a scroll of identify
Potions
 d - a potion of cancellation
 g - a potion of mutation {unknown}
 h - a potion of curing

Dungeon Overview and Level Annotations

Branches:
Dungeon (6/15)             Temple (1/1) D:5

Altars:
Ashenzari
Kikubaaqudgha
Nemelex Xobeh
Qazlal
Ru
Vehumet
Yredelemnul
The Shining One

Shops:
D:1 *


Message History

The wight hits you but does no damage.
Prince Ribbit blinks!
You shoot an arrow. The arrow hits the wight!
The wight is heavily damaged.
You have got your breath back.
The wight hits you but does no damage. x2
You shoot an arrow. The arrow hits the wight.
The wight is severely damaged.
The wight closely misses you. The wight barely misses you.
The wight closely misses you. The wight hits you but does no damage.
You shoot an arrow. The arrow hits the wight.
The wight is almost destroyed.
The wight closely misses you. The wight hits you with a +0 mace.
You feel drained.
Prince Ribbit blinks!
You shoot an arrow. The arrow hits the wight!
You destroy the wight!
The wight hits you but does no damage.
Your Fighting skill increases to level 5!
You shoot an arrow. The arrow barely misses the wight.
The arrow hits Prince Ribbit.
You kill Prince Ribbit!
The wight hits you but does no damage.
Your life force feels restored.
Your Armour skill increases to level 2!
You shoot an arrow.
The arrow hits the wight but does no damage.
The wight hits you with a +0 mace!
You shoot an arrow.
The arrow hits the wight but does no damage.
The wight hits you with a +0 mace.
You feel drained.
You shoot an arrow. The arrow hits the wight!
The wight is heavily damaged.
The wight hits you but does no damage.
You shoot an arrow. The arrow hits the wight.
The wight is heavily damaged.
The wight completely misses you.
You shoot an arrow.
The arrow hits the wight but does no damage.
The wight is heavily damaged.
The wight hits you with a +0 mace.
You die...

...#..#.....#.#.......
.#.##.###.#..%#.......
#.###)........
#...##........
..###..#........
#...............
...............#
######....(....#
##.@......# ##)z.....#
........# .........#
..........#
...........#
............#
##............


You could see a wight.

Vanquished Creatures
  Prince Ribbit (D:5)
  Sigmund (D:2)
  A black bear (D:6)
  A centaur (D:5)
  A phantom (D:6)
  Blork the orc (D:5)
  A bullfrog (D:6)
  A wight (D:5)
  A howler monkey (D:6)
  3 jellies
  2 hounds
  Jessica (D:2)
  4 iguanas
  Robin (D:3)
  3 gnolls (D:6)
  4 adders
  A shadow imp (D:6)
  A worm (D:2)
  A dart slug (D:2)
  2 ball pythons (D:2)
  2 bats
  2 endoplasms
  A giant cockroach (D:2)
  19 goblins
  9 hobgoblins
  4 jackals (D:1)
  4 kobolds
  4 quokkas
  13 frilled lizards
  7 rats
97 creatures vanquished.

Notes
Turn   | Place    | Note
-------+----------+-------------------------------------------
     0 | D:1      | qw the Naga Hunter began the quest for the Orb.
     0 | D:1      | Reached XP level 1. HP: 19/19 MP: 1/1
     0 | D:1      | 0 ||| qw: Version: 0.2-a-29-gc1b59c4
     0 | D:1      | 0 ||| qw: Game counter: 4571
     0 | D:1      | 0 ||| qw: Always use a shield: true
     0 | D:1      | 0 ||| qw: God list: Okawaru
     0 | D:1      | 0 ||| qw: Allow faded altars: false
     0 | D:1      | 0 ||| qw: Do Orc after D:15 true
     0 | D:1      | 0 ||| qw: Do second Lair branch before Depths: true
     0 | D:1      | 0 ||| qw: Lair rune preference: random
     0 | D:1      | 0 ||| qw: Plans: Normal
     0 | D:1      | 0 ||| PLANNING D:1-11
    28 | D:1      | Found Osakuph's General Store.
    35 | D:1      | 35 ||| INVOKING Spit Poison.
    39 | D:1      | 39 ||| SHOPLISTING +5 ring of evasion (360 gold, have 0).
    39 | D:1      | 39 ||| SHOPLISTING potion of curing (30 gold, have 0).
    39 | D:1      | 39 ||| SHOPLISTING ring of positive energy (200 gold, have
                  | 0).
    39 | D:1      | 39 ||| SHOPLISTING scroll of teleportation (30 gold, have
                  | 0).
    44 | D:1      | 44 ||| INVOKING Spit Poison.
    52 | D:1      | 52 ||| INVOKING Spit Poison.
    92 | D:1      | 92 ||| INVOKING Spit Poison.
   124 | D:1      | Reached skill level 4 in Ranged Weapons
   124 | D:1      | Reached XP level 2. HP: 24/26 MP: 2/2
   144 | D:1      | 144 ||| INVOKING Spit Poison.
   145 | D:1      | 145 ||| INVOKING Spit Poison.
   151 | D:1      | 151 ||| INVOKING Spit Poison.
   156 | D:1      | 156 ||| INVOKING Spit Poison.
   218 | D:1      | 218 ||| INVOKING Spit Poison.
   228 | D:1      | 228 ||| INVOKING Spit Poison.
   274 | D:1      | 274 ||| INVOKING Spit Poison.
   280 | D:1      | 280 ||| INVOKING Spit Poison.
   294 | D:1      | 294 ||| INVOKING Spit Poison.
   311 | D:1      | 311 ||| INVOKING Spit Poison.
   315 | D:1      | 315 ||| INVOKING Spit Poison.
   321 | D:1      | 321 ||| INVOKING Spit Poison.
   327 | D:1      | 327 ||| INVOKING Spit Poison.
   494 | D:1      | 494 ||| INVOKING Spit Poison.
   498 | D:1      | 498 ||| INVOKING Spit Poison.
   500 | D:1      | Reached XP level 3. HP: 22/32 MP: 3/3
   625 | D:1      | 625 ||| UPGRADING to +6 ring of strength.
   626 | D:1      | 626 ||| READING 2 scrolls labelled UQENUE NUSHRAMU.
   627 | D:1      | 627 ||| READING scroll labelled XUNI ZAROC.
   628 | D:1      | 628 ||| DRINKING 2 dark potions.
   629 | D:1      | 629 ||| DROPPING scroll of butterflies.
   639 | D:2      | 639 ||| INVOKING Spit Poison.
   648 | D:2      | 648 ||| INVOKING Spit Poison.
   657 | D:2      | 657 ||| INVOKING Spit Poison.
   663 | D:2      | 663 ||| INVOKING Spit Poison.
   668 | D:2      | 668 ||| INVOKING Spit Poison.
   710 | D:2      | Identified the +0 scale mail of the Imp {Dex+3}
   722 | D:2      | 722 ||| INVOKING Spit Poison.
   747 | D:2      | 747 ||| INVOKING Spit Poison.
   752 | D:2      | 752 ||| INVOKING Spit Poison.
   807 | D:2      | Noticed Jessica
   808 | D:2      | 808 ||| INVOKING Spit Poison.
   809 | D:2      | Killed Jessica
   810 | D:2      | Reached skill level 5 in Ranged Weapons
   810 | D:2      | Reached XP level 4. HP: 39/39 MP: 4/4
   864 | D:2      | 864 ||| INVOKING Spit Poison.
   870 | D:2      | 870 ||| INVOKING Spit Poison.
   911 | D:2      | 911 ||| INVOKING Spit Poison.
   916 | D:2      | 916 ||| INVOKING Spit Poison.
   936 | D:2      | 936 ||| INVOKING Spit Poison.
   968 | D:2      | 968 ||| INVOKING Spit Poison.
   982 | D:2      | 982 ||| INVOKING Spit Poison.
   983 | D:2      | 983 ||| INVOKING Spit Poison.
   990 | D:2      | 990 ||| INVOKING Spit Poison.
   995 | D:2      | 995 ||| INVOKING Spit Poison.
   999 | D:2      | 999 ||| INVOKING Spit Poison.
  1004 | D:2      | 1004 ||| INVOKING Spit Poison.
  1059 | D:2      | 1059 ||| INVOKING Spit Poison.
  1063 | D:2      | 1063 ||| INVOKING Spit Poison.
  1141 | D:2      | Noticed Sigmund
  1144 | D:2      | 1144 ||| INVOKING Spit Poison.
  1153 | D:2      | 1153 ||| INVOKING Spit Poison.
  1156 | D:2      | HP: 8/40 [Sigmund/+2 scythe of freezing (5)]
  1157 | D:2      | HP: 3/40 [Sigmund/+2 scythe of freezing (4)]
  1158 | D:2      | 1158 ||| INVOKING Spit Poison.
  1158 | D:2      | Killed Sigmund
  1159 | D:2      | Reached XP level 5. HP: 3/51 MP: 5/5
  1159 | D:2      | Reached XP level 6. HP: 4/58 MP: 6/6
  1477 | D:2      | 1477 ||| UPGRADING to +0 cloak.
  1482 | D:2      | 1482 ||| UPGRADING to +2 cloak.
  1492 | D:2      | 1492 ||| DROPPING +0 cloak.
  1493 | D:2      | 1493 ||| UPGRADING to +0 barding.
  1498 | D:2      | 1498 ||| READING scroll labelled LIWUKY FUEXUAR.
  1499 | D:2      | 1499 ||| READING scroll labelled ESHIEQIASCH.
  1500 | D:2      | 1500 ||| READING scroll labelled DEEMIS DUNWIANLOOWN.
  1501 | D:2      | 1501 ||| DRINKING 2 amethyst potions.
  1502 | D:2      | 1502 ||| READING 3 scrolls of identify.
  1502 | D:2      | 1502 ||| IDENTIFYING white potion
  1503 | D:2      | 1503 ||| READING 2 scrolls of identify.
  1503 | D:2      | 1503 ||| IDENTIFYING metallic yellow potion
  1504 | D:2      | 1504 ||| DROPPING potion of enlightenment.
  1505 | D:2      | 1505 ||| DROPPING potion of attraction.
  1522 | D:3      | 1522 ||| INVOKING Spit Poison.
  1555 | D:3      | 1555 ||| INVOKING Spit Poison.
  1561 | D:3      | 1561 ||| INVOKING Spit Poison.
  1561 | D:3      | Noticed Robin
  1565 | D:3      | 1565 ||| Stepping ~*~*~tactically~*~*~ (outnumbered).
  1567 | D:3      | 1567 ||| INVOKING Spit Poison.
  1573 | D:3      | 1573 ||| INVOKING Spit Poison.
  1580 | D:3      | 1580 ||| INVOKING Spit Poison.
  1580 | D:3      | Killed Robin
  1584 | D:3      | Reached skill level 1 in Armour
  1587 | D:3      | 1587 ||| INVOKING Spit Poison.
  1590 | D:3      | 1590 ||| INVOKING Spit Poison.
  1635 | D:3      | Identified the +7 short sword of the Equator {venom, rElec
                  | rN+ Will+}
  1683 | D:3      | 1683 ||| INVOKING Spit Poison.
  1706 | D:3      | 1706 ||| INVOKING Spit Poison.
  1874 | D:3      | Found a faded altar of an unknown god.
  1874 | D:3      | You fall into a shaft and drop 3 floors!
  1880 | D:6      | 1880 ||| INVOKING Spit Poison.
  1884 | D:6      | 1884 ||| INVOKING Spit Poison.
  1891 | D:6      | 1891 ||| INVOKING Spit Poison.
  1892 | D:6      | Reached skill level 6 in Ranged Weapons
  1908 | D:6      | Reached XP level 7. HP: 47/66 MP: 7/7
  1917 | D:6      | 1917 ||| INVOKING Spit Poison.
  1937 | D:6      | 1937 ||| INVOKING Spit Poison.
  1940 | D:6      | 1940 ||| INVOKING Spit Poison.
  1980 | D:6      | 1980 ||| INVOKING Spit Poison.
  1983 | D:6      | 1983 ||| INVOKING Spit Poison.
  1989 | D:6      | 1989 ||| INVOKING Spit Poison.
  1993 | D:6      | 1993 ||| INVOKING Spit Poison.
  1997 | D:6      | 1997 ||| INVOKING Spit Poison.
  2000 | D:6      | 2000 ||| INVOKING Spit Poison.
  2004 | D:6      | 2004 ||| INVOKING Spit Poison.
  2162 | D:6      | Found a sacrificial altar of Ru.
  2182 | D:6      | 2182 ||| UPGRADING to +0 helmet.
  2187 | D:6      | 2187 ||| UPGRADING to +2 helmet.
  2197 | D:6      | 2197 ||| DROPPING +0 helmet.
  2198 | D:6      | 2198 ||| UPGRADING to ring of protection from cold.
  2207 | D:5      | Entered Level 5 of the Dungeon
  2222 | D:5      | 2222 ||| INVOKING Spit Poison.
  2265 | D:5      | Reached skill level 7 in Ranged Weapons
  2280 | D:5      | 2280 ||| INVOKING Spit Poison.
  2289 | D:5      | Found a staircase to the Ecumenical Temple.
  2290 | D:5      | 2290 ||| PLANNING TEMPLE
  2299 | Temple   | Entered the Ecumenical Temple
  2336 | Temple   | 2336 ||| PLANNING D:1-11
  2336 | Temple   | 2336 ||| READING scroll labelled EDUXEA HAXA.
  2361 | D:5      | 2361 ||| INVOKING Spit Poison.
  2365 | D:5      | 2365 ||| INVOKING Spit Poison.
  2368 | D:5      | 2368 ||| INVOKING Spit Poison.
  2468 | D:5      | Identified the ring "Viyjawumn" {Fire rN+ Str+5 Dex-2
                  | Slay-6}
  2472 | D:5      | 2472 ||| INVOKING Spit Poison.
  2476 | D:5      | 2476 ||| INVOKING Spit Poison.
  2477 | D:5      | Noticed Blork the orc
  2481 | D:5      | 2481 ||| INVOKING Spit Poison.
  2488 | D:5      | 2488 ||| INVOKING Spit Poison.
  2491 | D:5      | Killed Blork the orc
  2492 | D:5      | Reached XP level 8. HP: 64/73 MP: 8/8
  2529 | D:5      | 2529 ||| INVOKING Spit Poison.
  2529 | D:5      | Noticed Prince Ribbit
  2532 | D:5      | 2532 ||| INVOKING Spit Poison.
  2537 | D:5      | 2537 ||| INVOKING Spit Poison.
  2538 | D:5      | Reached skill level 8 in Ranged Weapons
  2542 | D:5      | 2542 ||| INVOKING Spit Poison.
  2549 | D:5      | 2549 ||| INVOKING Spit Poison.
  2552 | D:5      | HP: 16/68 [wight/+0 battleaxe (2)]
  2558 | D:5      | Killed Prince Ribbit
  2559 | D:5      | HP: 3/74 [wight/+0 mace (9)]
  2563 | D:5      | Slain by a wight

Levels and vault maps discovered:
D:1:      ncdulo_halloftheorcs, layout_basic, serial_shops, shop
D:2:      layout_basic, minmay_lizard_king, uniq_jessica, uniq_sigmund
D:3:      layout_loops_ring, nicolae_overflow_ecumenical_swirl,
          marbit_many_paths, uniq_robin
D:5:      layout_rooms, nzn_wu_jian_contemplation, trog_wizard,
          minmay_temple_entry_glass, uniq_prince_ribbit1, uniq_blork_the_orc
D:6:      lemuel_insect_pit, layout_basic, hangedman_ru_absence, uniq_duvessa
Temple:   nicolae_temple_ecumenical_triangle

Skill      XL: |  1  2  3  4  5  6  7  8 |
---------------+-------------------------+-----
Ranged Weapons | 4 5 6 7 8 |  8.0
Fighting       | 4 5 |  5.0
Armour         | 1 2 |  2.6
Dodging        | 2 |  2.3
Stealth        | |  1.5

Action                     |  1- 3 |  4- 6 |  7- 9 || total
---------------------------+-------+-------+-------++-------
   Fire: Shortbow          |    68 |   103 |   107 ||   278
Ability: Spit Poison       |    27 |    29 |    24 ||    80
    Use: Scroll            |     2 |     5 |     1 ||     8
         Potion            |     1 |     1 |       ||     2
 Armour: Leather armour    |     6 |    37 |    32 ||    75
  Dodge: Dodged            |    17 |    30 |    23 ||    70

Table legend:
 A = Non-vault XP
 B = Vault XP
 C = Vault XP percentage of total XP
 D = Non-vault monster count
 E = Vault monster count
 F = Vault count percentage of total count
                 A         B        C        D         E       F
            +---------+---------+-------+---------+---------+-------
      Total |    1109 |     654 |  37.1 |      69 |      28 |  28.9
            +---------+---------+-------+---------+---------+-------
        D:1 |      35 |       0 |   0.0 |      22 |       0 |   0.0
        D:2 |      59 |     262 |  81.6 |      19 |      13 |  40.6
        D:3 |      67 |      38 |  36.2 |       8 |      13 |  61.9
        D:5 |     452 |     354 |  43.9 |      10 |       2 |  16.7
        D:6 |     496 |       0 |   0.0 |      10 |       0 |   0.0
            +---------+---------+-------+---------+---------+-------
